 Dungeon Crawl Stone Soup version 0.16.0 (webtiles) character file.

4986 Fiveotanaka the Bludgeoner (level 10, -3/138 HPs)
             Began as an Ogre Berserker on Mar 20, 2015.
             Was a High Priest of Trog.
             Slain by a kobold demonologist
             ... wielding a +0 dagger
              (4 damage)
             ... on level 10 of the Dungeon.
             The game lasted 00:17:37 (8369 turns).

Fiveotanaka the Bludgeoner (Ogre Berserker)         Turns: 8369, Time: 00:17:37

Health: -3/138     AC:  3    Str: 29      XL:     10   Next: 54%
Magic:  10/10      EV: 11    Int:  6      God:    Trog [*****.]
Gold:   607        SH:  0    Dex: 11 (12) Spells: 0 memorised, 9 levels left

rFire  . . .     SeeInvis .     E - +4 great mace (holy)
rCold  . . .     Clarity  .     b - +0 animal skin
rNeg   + . .     SustAb   .     (shield restricted)
rPois  .         Gourm    .     (helmet restricted)
rElec  .         Spirit   .     (no cloak)
rCorr  .         Warding  .     (gloves unavailable)
rMut   .         Stasis   .     (boots unavailable)
MR     +....                    z - amulet of faith
Stlth  ..........               (no ring)
                                K - ring of positive energy (curse)

@: berserking, very quick, somewhat resistant to hostile enchantments, extremely
unstealthy
A: unfitting armour, tough skin 1
a: Burn Spellbooks, Berserk, Trog's Hand, Brothers in Arms, Renounce Religion


You were on level 10 of the Dungeon.
You worshipped Trog.
Trog was extremely pleased with you.
You were not hungry.

You visited 1 branch of the dungeon, and saw 10 of its levels.

You collected 607 gold pieces.

Inventory:

Hand weapons
 a - a +0 mace
 y - a +0 flail
 D - a +0 morningstar
 E - a +4 great mace of holy wrath (weapon)
 I - the +5 blowgun of Cataclysm {evade, +Fly MR+ Str+2}
   (You found it on level 6 of the Dungeon)

   It affects your evasion (+5 to EV).
   It affects your strength (+2).
   It affects your resistance to hostile enchantments.
   It lets you fly.
Missiles
 i - 252 stones (quivered)
 s - a throwing net
 L - 3 curare-tipped needles
Armour
 b - a +0 animal skin (worn)
Jewellery
 x - an uncursed amulet of resist mutation
 z - an amulet of faith (around neck)
 K - a cursed ring of positive energy (left hand)
Magical devices
 J - a wand of frost (22)
 R - a wand of digging (5)
 T - a wand of draining (8)
Scrolls
 d - 2 scrolls of immolation {unknown}
 e - 5 scrolls of amnesia
 f - 4 scrolls of magic mapping
 h - 8 scrolls of identify
 j - 6 scrolls of remove curse
 l - 2 scrolls of fear {unknown}
 n - a scroll of random uselessness {unknown}
 t - 3 scrolls of enchant armour {unknown}
 u - 2 scrolls of fog {unknown}
 w - a scroll of noise {unknown}
 G - 2 scrolls of teleportation {unknown}
 M - a scroll of blinking {unknown}
 N - a scroll of brand weapon {unknown}
 S - a scroll of enchant weapon {unknown}
Potions
 k - a potion of cure mutation {unknown}
 p - 2 potions of agility {unknown}
 q - 5 potions of curing
 r - 3 potions of restore abilities {unknown}
 v - 2 potions of flight {unknown}
 A - a potion of decay {unknown}
 C - 2 potions of brilliance {unknown}
 F - 3 potions of heal wounds {unknown}
 H - 2 potions of invisibility {unknown}
 O - 2 potions of ambrosia {unknown}
 P - a potion of might {unknown}
Books
 B - a book of Debilitation

   Spells                             Type                      Level
   a - Corona                         Hexes                        1
   b - Slow                           Hexes                        2
   c - Inner Flame                    Hexes/Fire                   3
   d - Enslavement                    Hexes                        4
   e - Cause Fear                     Hexes                        4
   f - Leda's Liquefaction            Hexes/Earth                  4
   Trog disapproves of the use of such an item.
Comestibles
 c - 3 meat rations
 g - 9 fruits
 m - 8 beef jerkies
 o - 3 bread rations
 Q - 9 royal jellies
 U - 3 chunks of flesh


   Skills:
 - Level 4.0 Fighting
 * Level 16.8 Maces & Flails
 + Level 4.3 Armour
 + Level 4.5 Dodging


You had 9 spell levels left.
You didn't know any spells.

Dungeon Overview and Level Annotations

Branches:
Dungeon (10/15)            Temple (0/1) D:7            Lair (0/8) D:8
    Orc: D:9-12

Altars:
Dithmenos
Elyvilon
Fedhas
Gozag
Makhleb
Qazlal
Ru
Trog
Xom
Yredelemnul
The Shining One


Innate Abilities, Weirdness & Mutations

You are too large for most types of armour.
You have tough skin (AC +1).


Message History

The ufetubus hits you but does no damage.
The ufetubus closely misses you. The shadow imp hits you.
* * * LOW HITPOINT WARNING * * *
The kobold demonologist hits you with a dagger.
* * * LOW HITPOINT WARNING * * *
The crimson imp hits you but does no damage.
The kobold closely misses you.
Use which ability? (? or * to list)
A red film seems to cover your vision as you go berserk!
You feel yourself moving faster!
You feel mighty!
You feel somewhat more hungry. The ufetubus barely misses you.
The ufetubus hits you.
* * * LOW HITPOINT WARNING * * *
The ice devil hits you!
* * * LOW HITPOINT WARNING * * *
The ice devil freezes you!
* * * LOW HITPOINT WARNING * * *
The shadow imp barely misses you.
The kobold demonologist hits you with a dagger.
You die...

... #...#...
###...#.... #
.........
#.........
#......).# .#
#.......§###...
#.$..♣55.#...##
#....3@K§'..<.#
#.....5K.#.#.##
#........+ .##+#
#......(.###.....
#######).....#
###........#.#
#..........# #
#..........#.#
#........###.##.


You could see an ice devil, a kobold demonologist, a crimson imp, a shadow imp,
an ufetubus and a kobold.

Vanquished Creatures
  An ugly thing (D:7)
  Joseph (D:9)
  A kobold demonologist (D:10)
  Prince Ribbit (D:6)
  2 wraiths (D:8)
  2 wyverns
  2 black bears
  A phantom (D:4)
  2 orc warriors
  4 slaves (D:7)
  4 ogres
  A boring beetle (D:9)
  A necrophage (D:8)
  A wasp (D:9)
  A centaur (D:6)
  Sigmund (D:7)
  A giant frog (D:9)
  2 elf zombies (D:8)
  A brain worm (D:9)
  A big kobold (D:10)
  A scorpion (D:7)
  A wight (D:8)
  3 killer bees (D:9)
  3 quasits (D:8)
  A giant frog zombie (D:9)
  A jelly (D:6)
  7 crimson imps
  4 human zombies (D:8)
  5 orc priests
  2 hounds
  A centaur skeleton (D:7)
  A human skeleton (D:8)
  6 orc wizards
  9 worker ants
  A killer bee zombie (D:9)
  Terence (D:2)
  A hound skeleton (D:6)
  A mummy (D:8)
  6 gnolls
  8 adders
  A shadow imp (D:7)
  2 worms (D:2)
  An adder zombie (D:7)
  2 adder skeletons
  11 giant geckos
  2 oozes
  27 orcs
  14 bats
  A bat skeleton (D:3)
  5 giant cockroaches
  11 goblins
  5 hobgoblins
  3 jackals (D:1)
  12 kobolds
  5 quokkas
  3 ball pythons (D:1)
  10 giant newts
  11 rats
220 creatures vanquished.

Notes
Turn   | Place    | Note
--------------------------------------------------------------
     0 | D:1      | Fiveotanaka, the Ogre Berserker, began the quest for the Orb.
     0 | D:1      | Reached XP level 1. HP: 24/24 MP: 1/1
   114 | D:1      | Reached XP level 2. HP: 25/32 MP: 2/2
   263 | D:1      | Reached skill level 5 in Maces & Flails
   495 | D:1      | Acquired Trog's second power
   537 | D:1      | Reached XP level 3. HP: 39/39 MP: 3/3
  1053 | D:2      | Found a shadowy altar of Dithmenos.
  1054 | D:2      | Found a stormy altar of Qazlal.
  1057 | D:2      | Reached skill level 6 in Maces & Flails
  1059 | D:2      | Reached XP level 4. HP: 48/48 MP: 4/4
  1140 | D:2      | Found a burning altar of Makhleb.
  1142 | D:2      | Found a sacrificial altar of Ru.
  1159 | D:2      | Noticed Terence
  1162 | D:2      | Killed Terence
  1244 | D:2      | Reached skill level 7 in Maces & Flails
  1405 | D:2      | Reached XP level 5. HP: 47/54 MP: 5/5
  1982 | D:3      | Found a shimmering altar of Xom.
  2039 | D:3      | Reached skill level 8 in Maces & Flails
  2124 | D:3      | Found a blossoming altar of Fedhas.
  2273 | D:3      | Reached XP level 6. HP: 59/62 MP: 6/6
  2300 | D:3      | Reached skill level 9 in Maces & Flails
  2654 | D:4      | Reached skill level 10 in Maces & Flails
  2654 | D:4      | Reached XP level 7. HP: 54/70 MP: 7/7
  3132 | D:5      | Entered Level 5 of the Dungeon
  3132 | D:5      | Found a glowing golden altar of the Shining One.
  3427 | D:5      | Acquired Trog's third power
  3948 | D:6      | Noticed Prince Ribbit
  3962 | D:6      | Killed Prince Ribbit
  3962 | D:6      | Reached skill level 11 in Maces & Flails
  4294 | D:6      | Found a bloodstained altar of Trog.
  4378 | D:6      | Reached XP level 8. HP: 74/78 MP: 8/8
  4519 | D:6      | Reached skill level 12 in Maces & Flails
  4685 | D:6      | Found a white marble altar of Elyvilon.
  4696 | D:6      | Got a steaming blowgun
  4697 | D:6      | Identified the +5 blowgun of Cataclysm {evade, +Fly MR+ Str+2} (You found it on level 6 of the Dungeon)
  4794 | D:6      | Found an opulent altar of Gozag.
  4917 | D:7      | Found a glowing golden altar of the Shining One.
  4940 | D:7      | Reached skill level 13 in Maces & Flails
  5263 | D:7      | Noticed a red ugly thing
  5275 | D:7      | Killed a red ugly thing
  5275 | D:7      | Reached skill level 14 in Maces & Flails
  5275 | D:7      | Reached XP level 9. HP: 80/84 MP: 9/9
  5591 | D:7      | Found a staircase to the Ecumenical Temple.
  5595 | D:7      | Received a gift from Trog
  5826 | D:7      | Noticed Sigmund
  5828 | D:7      | Killed Sigmund
  5849 | D:8      | Reached skill level 15 in Maces & Flails
  6366 | D:8      | Found a basalt altar of Yredelemnul.
  6596 | D:8      | Found a staircase to the Lair.
  6597 | D:8      | Found a glowing golden altar of the Shining One.
  6632 | D:8      | Reached XP level 10. HP: 6/92 MP: 10/10
  6969 | D:8      | Reached skill level 16 in Maces & Flails
  7352 | D:9      | Paralysed by a wasp for 2 turns
  7743 | D:9      | Noticed Joseph
  7751 | D:9      | Killed Joseph
  7904 | D:9      | Found a burning altar of Makhleb.
  8058 | D:10     | Entered Level 10 of the Dungeon
  8366 | D:10     | Noticed an ice devil
  8369 | D:10     | HP: 1/138 [ice devil[a kobold demonologist] (14)]
  8369 | D:10     | Slain by a kobold demonologist

Action                   |  1- 3 |  4- 6 |  7- 9 | 10-12 || total
-------------------------+-------+-------+-------+-------++-------
Melee: Mace              |    99 |   135 |       |       ||   234
       Flail             |       |    28 |    35 |       ||    63
       Morningstar       |       |       |   127 |       ||   127
       Great mace        |       |       |    85 |    58 ||   143
Invok: Berserk           |     1 |     1 |     3 |     4 ||     9
  Use: Scroll            |       |     3 |       |       ||     3
       Potion            |       |       |     4 |       ||     4
 Stab: Sleeping          |       |     1 |     2 |       ||     3
  Eat: Chunk             |       |     3 |     8 |     1 ||    12
       Bread ration      |       |     1 |       |       ||     1
       Meat ration       |       |       |     1 |     1 ||     2
       Pizza             |       |       |     1 |       ||     1
       Fruit             |       |       |       |     3 ||     3
       Beef jerky        |       |       |       |     1 ||     1
